 Dungeon Crawl Stone Soup version 0.21-a0-125-gb006224 (webtiles) character file.

2054 Jamella the Insei (level 9, -1/72 HPs)
             Began as a Mummy Monk on July 15, 2017.
             Slain by Mygna's ghost (19 damage)
             ... on level 6 of the Dungeon.
             The game lasted 00:14:05 (8768 turns).

Jamella the Insei (Mummy Monk)                      Turns: 8768, Time: 00:14:06

Health: -1/72      AC: 14    Str: 14    XL:     9   Next: 5%
Magic:  9/9        EV: 14    Int:  9    God:
Gold:   199        SH:  0    Dex: 20    Spells: 8/8 levels left

rFire    . . .     SeeInvis .     - Unarmed
rCold    + . .     Gourm    .   (no shield)
rNeg     + + +     Faith    .   h - +0 ring mail
rPois    ∞         Spirit   .   j - +2 helmet
rElec    .         Reflect  .   t - +2 cloak
rCorr    .         Harm     .   (no gloves)
MR       +....                  v - +2 pair of boots
Stlth    ++........             (no amulet)
HPRegen  0.22/turn              n - ring of protection from fire
MPRegen  0.11/turn              m - +2 ring of dexterity

@: very slightly contaminated, invisible (expiring)
A: no food or potions, fire vulnerability, cold resistance 1, negative energy
resistance 3, torment resistance, unbreathing
a: no special abilities


You were on level 6 of the Dungeon.
You were not hungry.

You visited 1 branch of the dungeon, and saw 6 of its levels.

You collected 199 gold pieces.


Innate Abilities, Weirdness & Mutations

You do not eat or drink.
Your flesh is vulnerable to fire.
You are immune to poison.
Your flesh is cold resistant. (rC+)
You are immune to negative energy. (rN+++)
You are immune to unholy pain and torment.
You can survive without breathing.


   Skills:
 - Level 7.1 Fighting
 - Level 4.9 Dodging
 - Level 1.5 Stealth
 + Level 7.5 Unarmed Combat


You had 8 spell levels left.
You didn't know any spells.

Inventory:

Armour
 a - a +0 robe
 g - a +0 large shield
 h - a +0 ring mail (worn)
 j - a +2 helmet (worn)
 k - a +0 leather armour
 t - a +2 cloak (worn)
 v - a +2 pair of boots (worn)
Jewellery
 m - a +2 ring of dexterity (right hand)
 n - a ring of protection from fire (left hand)
 p - a +6 amulet of reflection (quivered) {unknown}
 r - an uncursed ring of magical power
Scrolls
 b - 2 scrolls of magic mapping {unknown}
 c - a scroll of recharging {unknown}
 d - 4 scrolls of teleportation {unknown}
 e - 3 scrolls of noise {unknown}
 f - 2 scrolls of remove curse {unknown}
 i - a scroll of random uselessness {unknown}
 l - 5 scrolls of identify {unknown}
 o - 3 scrolls of fear {unknown}
 q - a scroll of immolation {unknown}
 s - a scroll of fog {unknown}
 u - a scroll of blinking {unknown}

Dungeon Overview and Level Annotations

Branches:
Dungeon (6/15)             Temple (0/1) D:6

Altars:
Cheibriados
Elyvilon
Hepliaklqana
Kikubaaqudgha
Qazlal
Trog
Xom

Annotations:
D:6 Mygna's ghost, novice DrCK

▒........▒ ▒▒...▒▒
▒.......▒▒ ▒..W.▒
▒.....▒▒▒ ▒▒....
▒▒...▒▒ ▒▒ ▒.....
▒▒▒.▒ ▒▒.▒▒ ▒▒.....
▒.▒ ▒▒.<.▒▒▒...†..
▒.▒ ▒.....▒...▒...
▒)▒▒▒........▒▒▒..
▒M▒▒........▒▒ ▒..
▒▒▒▒▒W▒▒.......▒▒
▒▒.
.......▒▒▒▒......▒
▒ ........▒
▒▒...▒▒.▒
........▒▒▒....▒▒▒▒
.......▒▒....▒▒
...(...▒....▒▒
▒▒▒........▒▒
▒.......▒▒


You could see Mygna's ghost.


Message History

You take 5 damage, and have 41/72 hp!
You pummel Mygna's ghost like a punching bag!
Mygna's ghost is heavily damaged!
Mygna's ghost barely misses you!
You squash Mygna's ghost but do no damage!
Mygna's ghost is heavily damaged!
Mygna's ghost whispers, "Death doesn't hurt!
What you feel is life!"
Mygna's ghost hits you but does no damage!
You are electrocuted!!! * * * don't die
* * * You take 16 damage, and have 25/72 hp!
MASSIVE DAMAGE!!!!!!
You pound Mygna's ghost into fine dust!
Mygna's ghost is heavily damaged!
You flicker for a moment!
Mygna's ghost barely misses you!
You completely miss Mygna's ghost!
Mygna's ghost is heavily damaged!
Mygna's ghost hits you!!! * * * don't die
* * * You take 7 damage, and have 18/72 hp!
You catch the helpless Mygna's ghost completely off-guard!!!
You pulverise Mygna's ghost!
Mygna's ghost is severely damaged!
You barely miss Mygna's ghost!
Mygna's ghost is severely damaged!
Mygna's ghost grins evilly!
Mygna's ghost hits you! * * * don't die
* * * You are electrocuted!!! rip

Action                   |  1- 3 |  4- 6 |  7- 9 || total
-------------------------+-------+-------+-------++-------
Melee: Unarmed           |   177 |   249 |   337 ||   763
       Punch             |     3 |     8 |     9 ||    20
  Use: Scroll            |       |     1 |     4 ||     5
 Stab: Sleeping          |     1 |     3 |     3 ||     7
       Invisible         |       |       |     4 ||     4
Armor: Robe              |     5 |       |     6 ||    11
       Ring mail         |    44 |    10 |    53 ||   107
       Leather armour    |       |    36 |    31 ||    67
Dodge: Dodged            |   114 |   137 |   185 ||   436

Vault maps used:
D:1:      erik_arrival_orb_chamber, minivault_23, minivault_19,
          minmay_misc_feat_pillars
D:2:      wad_lake_hut, nicolae_overflow_crystal_walls, lemuel_doored_altar,
          first_bread, minmay_heptomino_w4
D:3:      overflow_temple_1_default, lemuel_round_altar, grunt_qazlal_clouds,
          minmay_liquid_box, minivault_5, trog_hazing_becter, uniq_terence
D:4:      kennysheep_slug_shrine, minmay_bisected, uniq_duvessa
D:5:      uniq_grinder, uniq_menkaure, uniq_edmund
D:6:      minmay_temple_entry_mist

Notes
Turn   | Place    | Note
-------+----------+-------------------------------------------
     0 | D:1      | Jamella the Mummy Monk began the quest for the Orb.
     0 | D:1      | Reached XP level 1. HP: 18/18 MP: 1/1
   105 | D:1      | Reached XP level 2. HP: 21/24 MP: 2/2
   341 | D:1      | Reached skill level 3 in Unarmed Combat
  1031 | D:2      | Found a white marble altar of Elyvilon.
  1226 | D:2      | Reached XP level 3. HP: 21/29 MP: 3/3
  1818 | D:2      | Reached skill level 4 in Unarmed Combat
  1830 | D:2      | Reached XP level 4. HP: 30/35 MP: 4/4
  2134 | D:2      | Found an ancient bone altar of Kikubaaqudgha.
  2698 | D:3      | Found a hazy altar of Hepliaklqana.
  2845 | D:3      | Found a shimmering altar of Xom.
  2983 | D:3      | Found a stormy altar of Qazlal.
  2985 | D:3      | Noticed Terence
  2998 | D:3      | Killed Terence
  3107 | D:3      | Found a bloodstained altar of Trog.
  3515 | D:3      | Reached XP level 5. HP: 40/41 MP: 5/5
  3698 | D:4      | Noticed an ogre
  3746 | D:4      | Noticed Duvessa
  3747 | D:4      | Noticed Dowan
  4527 | D:4      | Reached skill level 5 in Unarmed Combat
  4563 | D:4      | Found a snail-covered altar of Cheibriados.
  4775 | D:4      | Reached XP level 6. HP: 41/47 MP: 6/6
  4919 | D:4      | HP: 2/47 [ogre/giant club (19)]
  5383 | D:5      | Entered Level 5 of the Dungeon
  5389 | D:5      | Noticed Grinder
  5424 | D:5      | Killed Grinder
  5424 | D:5      | Reached skill level 6 in Unarmed Combat
  5424 | D:5      | Reached XP level 7. HP: 28/52 MP: 7/7
  5620 | D:5      | Noticed Edmund
  5984 | D:4      | Killed Duvessa
  6036 | D:4      | Killed Dowan
  6036 | D:4      | Reached skill level 4 in Fighting
  6402 | D:5      | Reached skill level 5 in Fighting
  6523 | D:5      | Noticed Menkaure
  6542 | D:5      | Killed Menkaure
  6542 | D:5      | Reached skill level 3 in Dodging
  6663 | D:5      | Reached XP level 8. HP: 53/62 MP: 8/8
  6948 | D:5      | Reached skill level 4 in Dodging
  7603 | D:4      | Killed Edmund
  7781 | D:4      | Reached skill level 7 in Unarmed Combat
  8061 | D:6      | Found a staircase to the Ecumenical Temple.
  8088 | D:6      | Reached skill level 6 in Fighting
  8187 | D:6      | Reached skill level 7 in Fighting
  8288 | D:6      | Reached XP level 9. HP: 32/72 MP: 9/9
  8554 | D:6      | Noticed Mygna's ghost (novice DrCK)
  8768 | D:6      | Slain by Mygna's ghost

Vanquished Creatures
  Grinder (D:5)
  Menkaure (D:5)
  Edmund (D:4)
  Duvessa (D:4)
  A water moccasin (D:6)
  2 ice beasts
  2 sky beasts
  2 ogres
  A phantom (D:5)
  A centaur (D:6)
  A bullfrog (D:6)
  Dowan (D:4)
  3 crimson imps
  A quasit (D:5)
  4 orc priests
  4 orc wizards
  Terence (D:3)
  A worker ant (D:5)
  11 adders
  An ooze (D:2)
  An adder zombie (D:5)
  3 adder skeletons (D:5)
  2 worms (D:2)
  3 dart slugs
  2 leopard geckos
  6 orcs
  2 giant cockroaches (D:5)
  3 goblins
  7 hobgoblins
  8 jackals
  A quokka (D:6)
  2 ball pythons
  11 bats
  5 frilled lizards
  11 kobolds
  A quokka skeleton (D:4)
  20 rats
129 creatures vanquished.

Vanquished Creatures (others)
  An orc wizard (D:6)
1 creature vanquished.

Grand Total: 130 creatures vanquished
